 Dungeon Crawl Stone Soup version 0.31-a0-236-g9a0961fb85 (webtiles) character file.

Game seed: 5867445009198420872

91 cforsyth the Ruffian (level 4, -2/36 HPs)
             Began as an Ogre Transmuter on July 11, 2023.
             Slain by an orc
             ... wielding a +0 trident
              (3 damage)
             ... on level 3 of the Dungeon.
             The game lasted 00:02:31 (1777 turns).

cforsyth the Ruffian (Ogre Transmuter)              Turns: 1777, Time: 00:02:32

Health: -2/36      AC:  3    Str: 18    XL:     4   Next: 57%
Magic:  6/7        EV:  9    Int: 15    God:
Gold:   65         SH:  0    Dex:  8    Spells: 6/7 levels left

rFire   . .          .
                       - Unarmed
rCold   . . .        (no shield)
rNeg    . . .        a - +0 robe
rPois   +            (helmet currently unavailable)
rElec   .            (no cloak)
rCorr   .            (gloves unavailable)
SInv    .            (boots unavailable)
Will    .....        (no amulet)
Stlth   +            (no ring)
HPRegen 0.26/turn    (no ring)
MPRegen 0.10/turn

%: no passive effects
@: appendages (expiring)
A: horns 2, talons 2, large, unfitting armour, tough skin 1, frail 1, poison
resistance, strong 1
a: End Transformation


You were on level 3 of the Dungeon.
You had temporarily grown beastly horns and talons.
You visited 1 branch of the dungeon, and saw 3 of its levels.

You collected 65 gold pieces.

Inventory:

Armour
 a - a +0 robe (worn)
Scrolls
 c - a scroll of amnesia {unknown}
 e - a scroll of noise {unknown}
 i - 3 scrolls of identify {unknown}
 j - 3 scrolls of blinking {unknown}
 m - a scroll of enchant armour {unknown}
Potions
 b - 2 potions of lignification
 d - a potion of attraction {unknown}
 f - a potion of mutation
 h - a potion of might {unknown}
 k - a potion of curing {unknown}
 l - a potion of enlightenment {unknown}


   Skills:
 - Level 1.3 Fighting
 - Level 1.7 Dodging
 + Level 4.7 Unarmed Combat
 - Level 2.4 Spellcasting
 - Level 1.7 Transmutations


You had 6 spell levels left.
You knew the following spells:

 Your Spells              Type           Power      Damage    Failure   Level
a - Beastly Appendage     Tmut           14%        N/A       11%         1

Your spell library contained the following spells:

 Spells                   Type           Power      Damage    Failure   Level
 Wereblood                Tmut           7%         N/A       16%         2
 Passwall                 Tmut/Erth      3%         N/A       22%         2
 Ensorcelled Hibernation  Hex/Ice        2%         N/A       32%         2
 Spider Form              Tmut/Pois      4%         N/A       41%         3
 Swiftness                Air            1%         N/A       54%         3
 Ice Form                 Ice/Tmut       4%         N/A       83%         4


Dungeon Overview and Level Annotations

Branches:
Dungeon (3/15)

Altars:
Dithmenos
Okawaru


Innate Abilities, Weirdness & Mutations

You have temporarily grown beastly horns and talons.
You are too large for most types of armour.
You have tough skin. (AC +1)
You are frail. (-10% HP)
Your system is resistant to poisons. (rPois)
Your muscles are strong. (Str +4, Int/Dex -1)


Message History

It was a potion of mutation.
You feel extremely strange.
You feel frail.
You feel resistant to poisons.
You feel stronger. The orc hits you with a +0 dagger.
* * * LOW HITPOINT WARNING * * *
The orc barely misses you.
It was a potion of heal wounds.
You feel much better.
The orc hits you from afar with a +0 trident.
The orc hits you with a +0 dagger.
You grow a pair of large bovine horns.
Your feet morph into talons.
The orc hits you with a +0 dagger.
The orc hits you from afar with a +0 trident.
You hit the orc but do no damage.
The orc is moderately wounded.
The orc hits you from afar with a +0 trident.
The orc hits you with a +0 dagger.
You hit the orc.
You kill the orc!
Your transformation is almost over.
The orc hits you but does no damage. The orc barely misses you.
Things that are here:
a +0 dagger; a +0 leather armour You hit the orc.
The orc is severely wounded.
The orc hits you with a +0 trident.
* * * LOW HITPOINT WARNING * * *
You barely miss the orc.
The orc is severely wounded.
The orc hits you with a +0 trident.
* * * LOW HITPOINT WARNING * * *
You hit the orc but do no damage.
The orc is severely wounded.
The orc closely misses you.
You closely miss the orc.
The orc is severely wounded.
The orc closely misses you.
You barely miss the orc. Your kick misses the orc.
The orc is severely wounded.
The orc hits you with a +0 trident.
You die...

#........#.# #..........#
#####....#.# #..........#
#........# # #..........#
#.#......# #..........#
#.##.###.# #..........#
.........# +..........#
......########....).....#
.............#####'####.#
......######....@o........
......# ########.......
......# ....... #######
.....). ......! ).####.
~~≈


You could see an orc.

Vanquished Creatures
  An orc wizard (D:3)
  An adder (D:3)
  A worm (D:3)
  2 dart slugs
  3 orcs (D:3)
  3 bats
  4 endoplasms
  3 giant cockroaches
  4 goblins
  5 hobgoblins
  2 jackals (D:1)
  4 kobolds (D:1)
  2 quokkas (D:1)
  3 ball pythons (D:1)
  2 frilled lizards
  4 rats
44 creatures vanquished.

Notes
Turn   | Place    | Note
-------+----------+-------------------------------------------
     0 | D:1      | cforsyth the Ogre Transmuter began the quest for the Orb.
     0 | D:1      | Reached XP level 1. HP: 19/19 MP: 3/3
    55 | D:1      | Reached skill level 3 in Unarmed Combat
    61 | D:1      | Reached XP level 2. HP: 14/27 MP: 3/5
   422 | D:1      | Reached XP level 3. HP: 33/33 MP: 4/6
   799 | D:2      | Reached skill level 4 in Unarmed Combat
  1508 | D:3      | Reached XP level 4. HP: 16/41 MP: 7/7
  1659 | D:3      | Found an iron altar of Okawaru.
  1659 | D:3      | Found a shadowy altar of Dithmenos.
  1767 | D:3      | Gained mutation: You are frail. (-10% HP) [potion of
                  | mutation]
  1767 | D:3      | Gained mutation: Your system is resistant to poisons.
                  | (rPois) [potion of mutation]
  1767 | D:3      | Gained mutation: Your muscles are strong. (Str +4, Int/Dex
                  | -1) [potion of mutation]
  1774 | D:3      | HP: 1/36 [orc/+0 trident (5)]
  1777 | D:3      | Slain by an orc

Illustrated notes

Levels and vault maps discovered:
D:1:      amcnicky_arrival_choice, layout_rooms
D:2:      layout_rooms, hangedman_decor_clover_reticule, minivault_26,
          minmay_ruptured
D:3:      layout_basic, gammafunk_temple_overflow_statue,
          chequers_serial_rivers_micro_a, minmay_misc_feat_square,
          hangedman_abyss_or_decor_stabs, minmay_puff

Skill      XL: |  1  2  3 |
---------------+----------+-----
Unarmed Combat | 3 4 |  4.7
Fighting       | |  1.3
Dodging        | |  1.7
Spellcasting   | |  2.4
Transmutations | |  1.7

Action                     |  1- 3 |  4- 6 || total
---------------------------+-------+-------++-------
  Melee: Unarmed           |    97 |    16 ||   113
         Kick              |    23 |     2 ||    25
         Headbutt          |    10 |     2 ||    12
         Punch             |     2 |     1 ||     3
   Cast: Beastly Appendage |    32 |     2 ||    34
    Use: Potion            |       |     2 ||     2
 Armour: Robe              |    27 |     6 ||    33
  Dodge: Dodged            |    55 |     8 ||    63

Table legend: (Time is in decaauts)
 A = Elapsed time spent in this place.
 B = Non-inter-level travel time spent in this place.
 C = Inter-level travel time spent in this place.
 D = Time resting spent in this place.
 E = Time spent auto-exploring this place.
 F = Levels seen in this place.
 G = Mean time per level.
                   A        B        C        D        E       F      G
               +--------+--------+--------+--------+--------+-----+--------+
         Total |   1768 |   1722 |     46 |      0 |   1432 |   3 |  589.3 |
       Dungeon |   1768 |   1722 |     46 |      0 |   1432 |   3 |  589.3 |
               +--------+--------+--------+--------+--------+-----+--------+

Top non-repeatable levels by time:
     D:1: 735 daAuts
     D:3: 529 daAuts
     D:2: 503 daAuts
